AoeStats
← [ KOF ] M. Kowalski

Arena

506273069Analyzed
2v2 RM · 18d ago on Sep 13, 2026· 64m 15s· 4 players
Game mode
Random Map
Map size
Medium (4 player)
Population
200
Speed
Normal
Resources
Standard
Victory
Conquest
Starting age
Dark Age
Ending age
Imperial Age
RankedLock teamsTeams togetherTeam positionsShared explorationLock speedFull tech treeHidden civsTurbo modeCheats
Victory
Defeat
🇺🇸 Mapuche · United States
1354
+15
🇺🇸 Khmer · United States
1207
+21
🇨🇱 Teutons · Chile
1330
-18
🇦🇷 Teutons · Argentina
1323
-18
[ KOF ] M. Kowalski
7:24 Loom
9:59 Feudal Age
10:45 Town Watch
10:58 Town Watch
11:38 Fletching
13:04 Wheelbarrow
18:47 Double-Bit Axe
26:05 Castle Age
24:43 Horse Collar
27:11 Bodkin Arrow
28:02 Bow Saw
30:03 Padded Archer Armor
31:57 Leather Archer Armor
33:00 Ballistics
32:23 Elite Skirmisher
33:29 Guard Tower
39:29 Imperial Age
38:23 Gold Mining
39:11 Masonry
41:17 Chemistry
44:25 Ring Archer Armor
47:50 Keep
48:24 Fortified Wall
53:46 Arrowslits
60:29 Scale Mail Armor
60:39 Forging
60:11 Pikeman
60:51 Squires
61:33 Chain Mail Armor
61:42 Heavy Plow
62:56 Hand Cart
No se jugar
9:04 Feudal Age
8:52 Loom
9:46 Double-Bit Axe
10:52 Fletching
21:50 Castle Age
20:03 Horse Collar
20:51 Town Watch
22:26 Bodkin Arrow
22:48 Bow Saw
24:23 Guard Tower
25:41 Wheelbarrow
27:40 Ballistics
31:02 Hand Cart
37:34 Imperial Age
36:44 Stone Mining
36:45 Gold Mining
39:27 Chemistry
39:46 Two-Man Saw
41:50 Conscription
41:52 Crenellations
42:17 Scale Mail Armor
42:28 Forging
43:14 Chain Mail Armor
42:32 Cavalier
43:23 Bloodlines
43:51 Scale Barding Armor
44:00 Paladin
45:20 Iron Casting
46:22 Chain Barding Armor
48:28 Plate Barding Armor
50:19 Padded Archer Armor
50:50 Heavy Plow
51:42 Siege Engineers
52:52 Elite Skirmisher
55:22 Leather Archer Armor
56:34 Ring Archer Armor
57:05 Blast Furnace
Gaston
10:52 Feudal Age
16:45 Castle Age
15:47 Double-Bit Axe
16:53 Fletching
17:58 Bodkin Arrow
20:24 Wheelbarrow
23:03 Horse Collar
23:38 Padded Archer Armor
24:58 Bow Saw
25:17 Loom
26:14 Leather Archer Armor
29:33 Heavy Plow
32:20 Stone Mining
33:40 Gold Mining
34:26 Hand Cart
39:22 Imperial Age
38:29 Malon
40:03 Gold Shaft Mining
39:32 Elite Bolas Rider
42:04 Chemistry
41:35 Ring Archer Armor
43:10 Coinage
45:47 Banking
45:57 Ballistics
51:10 Treadmill Crane
51:40 Masonry
61:22 Siege Engineers
LeFou
10:51 Feudal Age
16:04 Fletching
18:48 Castle Age
28:20 Double-Bit Axe
28:45 Loom
31:46 Bodkin Arrow
32:29 Stone Mining
35:25 Wheelbarrow
42:24 Hand Cart
41:56 Town Watch
42:49 Scale Barding Armor
45:18 Bloodlines
45:08 Husbandry
49:39 Imperial Age
47:41 Light Cavalry
49:34 Chain Barding Armor
49:26 Forging
48:50 Pikeman
49:43 Halberdier
49:53 Cavalier
53:12 Iron Casting
56:20 Plate Barding Armor
57:17 Blast Furnace
58:44 Hussar
Connection lost

Rejoining the realm…

Still unreachable

The connection could not be restored.

Session expired

The server has moved on; the page needs a fresh start.